 Dungeon Crawl Stone Soup version 0.30-a0-341-g682706514a (webtiles) character file.

Game seed: 12016028071661627339

35 BritishOli the Chopper (level 3, 28/28 HPs)
             Began as a Demonspawn Gladiator on Nov 5, 2022.
             Got out of the dungeon alive.
             The game lasted 00:01:04 (1036 turns).

BritishOli the Chopper (Demonspawn Gladiator)       Turns: 1036, Time: 00:01:05

Health: 28/28      AC:  4    Str: 16    XL:     3   Next: 16%
Magic:  3/3        EV: 12    Int:  9    God:
Gold:   0          SH:  0    Dex: 14    Spells: 2/2 levels left

rFire   . . .      SeeInvis +    a - +0 war axe
rCold   . . .      Faith    .    (no shield)
rNeg    . . .      Spirit   .    b - +0 leather armour
rPois   .          Reflect  .    c - +0 helmet
rElec   .          Harm     .    (no cloak)
rCorr   .          Rampage  .    (no gloves)
Will    .....                    (no boots)
Stlth   +.........               (no amulet)
HPRegen 0.24/turn                g - ring of see invisible
MPRegen 0.08/turn                (no ring)

@: no status effects
A: demonic guardian 1, demonic magic 1
a: no special abilities


You escaped.
You visited 1 branch of the dungeon, and saw 1 of its levels.

Inventory:

Hand Weapons
 a - a +0 war axe (weapon)
Missiles
 d - 3 throwing nets (quivered)
 e - a javelin
Armour
 b - a +0 leather armour (worn)
 c - a +0 helmet (worn)
Jewellery
 g - a ring of see invisible (left hand)
Scrolls
 f - a scroll of identify {unknown}
 h - a scroll of blinking {unknown}
 j - 3 scrolls of magic mapping {unknown}
 l - a scroll of teleportation {unknown}
Potions
 i - a potion of berserk rage {unknown}
 k - a potion of degeneration {unknown}


   Skills:
 + Level 2.4 Fighting
 + Level 3.1 Axes
 + Level 2.2 Throwing
 + Level 3.0 Dodging


You had 2 spell levels left.
You didn't know any spells.
Your spell library was empty.

Dungeon Overview and Level Annotations

Branches:
Dungeon (1/15)

Altars:

Shops:
D:1 *


Innate Abilities, Weirdness & Mutations

A weak demonic guardian rushes to your aid.
Spells you cast may paralyse adjacent enemies.


Message History

The giant cockroach bites you but does no damage. x2
A giant cockroach is nearby!
You closely miss the giant cockroach. The giant cockroach closely misses you.
A giant cockroach is nearby!
A giant cockroach is nearby!
You slash the giant cockroach!
You kill the giant cockroach!
You see here a giant cockroach corpse.
l - a scroll labelled MIYTISKAMA No target in view!
Found a dagger.
No target in view!
You see here a +0 dagger.
You see here a giant cockroach corpse.
A goblin comes into view. It is wielding a +0 dagger.
The goblin shouts!
The goblin hits you with a +0 dagger.
A goblin is nearby!
You miss the goblin. The goblin barely misses you.
A goblin is nearby!
You slash the goblin!
You kill the goblin!
Things that are here:
a +0 dagger; a goblin corpse Done exploring.
No target in view!
Done exploring.
Key pressed, stopping explore.
No target in view!
Done exploring.
No target in view!
Done exploring.
No target in view!
Things that are here:
a +0 dagger; a goblin corpse You see here a +0 club.
There is an open door here.
There is a staircase leading out of the dungeon here.
Are you sure you want to leave the Dungeon?
This will make you lose the game!
You have escaped!

#..#......#####....#...#####
#...##...........##....# #⌠
#...####.......####....# ##
#....# ###...### #.....# ##.
#....## ##.## ##.....###..
#.....# ###'### #........#.#
####.....###.....###.....##...#
#........##.......##.........##
#......####...@...####.......#
#....### ##.....## ###.....#
#..### ##.....## ###...##
###########'#####'##########...
#...........## ##...........###
#............# #............###
#######......###.....###.......
########........#......#.........
.........#......#......#.#.......


There were no monsters in sight!

Vanquished Creatures
  2 ball pythons (D:1)
  A bat (D:1)
  2 endoplasms (D:1)
  A giant cockroach (D:1)
  3 goblins (D:1)
  A hobgoblin (D:1)
  8 jackals (D:1)
  2 kobolds (D:1)
  4 quokkas (D:1)
  3 frilled lizards (D:1)
  A rat (D:1)
28 creatures vanquished.

Notes
Turn   | Place    | Note
-------+----------+-------------------------------------------
     0 | D:1      | BritishOli the Demonspawn Gladiator began the quest for the
                  | Orb.
     0 | D:1      | Reached XP level 1. HP: 16/16 MP: 1/1
    30 | D:1      | Found a faded altar of an unknown god.
   129 | D:1      | Gained mutation: A weak demonic guardian rushes to your
                  | aid. [demonic ancestry]
   129 | D:1      | Reached XP level 2. HP: 22/22 MP: 2/2
   248 | D:1      | Found Molyxtat's General Store.
   445 | D:1      | Gained mutation: Spells you cast may paralyse adjacent
                  | enemies. [demonic ancestry]
   445 | D:1      | Reached XP level 3. HP: 23/28 MP: 3/3
  1036 | D:$      | Got out of the dungeon alive.

Illustrated notes

Levels and vault maps discovered:
D:1:      onia_arrival_pentagram, layout_basic, serial_shops,
          nicolae_shop_hallway_plus, shapermc_ecumenical_altar_venn

Skill      XL: |  1  2 |
---------------+-------+-----
Throwing       | 2 |  2.2
Axes           | 3 |  3.1
Dodging        | 3 |  3.0
Fighting       | |  2.4

Action                   || total
-------------------------++-------
Melee: War axe           ||    67
 Stab: Sleeping          ||     1
Armor: Leather armour    ||    22
Dodge: Dodged            ||    45

Table legend: (Time is in decaauts)
 A = Elapsed time spent in this place.
 B = Non-inter-level travel time spent in this place.
 C = Inter-level travel time spent in this place.
 D = Time resting spent in this place.
 E = Time spent auto-exploring this place.
 F = Levels seen in this place.
 G = Mean time per level.
                   A        B        C        D        E       F      G
               +--------+--------+--------+--------+--------+-----+--------+
         Total |   1059 |    974 |     85 |      0 |    819 |   1 | 1059.0 |
       Dungeon |   1059 |    974 |     85 |      0 |    819 |   1 | 1059.0 |
               +--------+--------+--------+--------+--------+-----+--------+

Top non-repeatable levels by time:
     D:1: 1059 daAuts
